 Dungeon Crawl Stone Soup version 0.29-a0-892-g2c4c91d9db (webtiles) character file.

Game seed: 12385175855411544091

36 BritishOli the Slasher (level 3, 28/28 HPs)
             Began as a Demonspawn Gladiator on July 22, 2022.
             Got out of the dungeon alive.
             The game lasted 00:01:02 (1178 turns).

BritishOli the Slasher (Demonspawn Gladiator)       Turns: 1178, Time: 00:01:03

Health: 28/28      AC:  4    Str: 16    XL:     3   Next: 19%
Magic:  3/3        EV: 12    Int:  9    God:
Gold:   77         SH:  0    Dex: 14    Spells: 2/2 levels left

rFire   . . .      SeeInvis .   a - +0 long sword
rCold   . . .      Faith    .   (no shield)
rNeg    . . .      Spirit   .   b - +0 leather armour
rPois   .          Reflect  .   c - +0 helmet
rElec   .          Harm     .   (no cloak)
rCorr   .          Rampage  .   (no gloves)
Will    .....                   (no boots)
Stlth   +.........              (no amulet)
HPRegen 0.09/turn               (no ring)
MPRegen 0.08/turn               (no ring)

@: no status effects
A: claws 1, sturdy frame 1
a: no special abilities


You escaped.
You visited 1 branch of the dungeon, and saw 1 of its levels.

You collected 77 gold pieces.

Inventory:

Hand Weapons
 a - a +0 long sword (weapon)
Missiles
 d - 3 throwing nets (quivered)
 e - a javelin
Armour
 b - a +0 leather armour (worn)
 c - a +0 helmet (worn)
Scrolls
 f - a scroll of teleportation {unknown}
 h - 2 scrolls of amnesia {unknown}
 i - a scroll of vulnerability {unknown}
 j - a scroll of noise {unknown}
Potions
 g - a potion of attraction {unknown}


   Skills:
 + Level 2.4 Fighting
 + Level 3.1 Long Blades
 - Level 2.0 Throwing
 + Level 0.6 Armour
 + Level 3.0 Dodging


You had 2 spell levels left.
You didn't know any spells.
Your spell library was empty.

Dungeon Overview and Level Annotations

Branches:
Dungeon (1/15)

Altars:


Innate Abilities, Weirdness & Mutations

You have sharp fingernails.
Your movements are slightly less encumbered by armour. (ER -2)


Message History

The gnoll hits you but does no damage.
A gnoll is nearby!
You hit the gnoll.
The gnoll is lightly wounded.
The gnoll hits you but does no damage. The gnoll hits you with a +0 club.
A gnoll is nearby!
You closely miss the gnoll.
The gnoll is lightly wounded.
The gnoll barely misses you.
A gnoll is nearby!
You slash the gnoll!
You kill the gnoll!
You have reached level 3!
Your experience leads to an increase in your attributes!
Increase (S)trength, (I)ntelligence, or (D)exterity?
You feel stronger. x2; Your demonic ancestry asserts itself...
You feel less encumbered by your armour.
No target in view!
You now have 58 gold pieces (gained 10).
You now have 64 gold pieces (gained 6).
Found a cloak.
No target in view!
You now have 77 gold pieces (gained 13).
Done exploring.
No target in view!
Done exploring.
No target in view!
Done exploring.
No target in view!
Done exploring.
No target in view!
You see here a +0 club.
There is an open door here.
You see here a hobgoblin skeleton.
Things that are here:
a +0 short sword; a kobold skeleton You see here a +0 leather armour.
There is a staircase leading out of the dungeon here.
Are you sure you want to leave the Dungeon?
This will make you lose the game!
You have escaped!

.....# ###....### #..........
.....###........## #..........
.....##.[..##....## #....).....
.....#............# #...†......
....)#.....[......## #..........
..........####.....####..........
........### ###...#...........##
.....##.# ##..#...........#
...#.#..### ###@..#...........#
...#.#....####.....#...........#
.....#............##############
.....#............#
.....##....##....##
...#..##....)...##
...#..####....############
.........#######.........#
.........#.....#.........#


There were no monsters in sight!

Vanquished Creatures
  A gnoll (D:1)
  2 ball pythons (D:1)
  A bat (D:1)
  6 endoplasms (D:1)
  2 giant cockroaches (D:1)
  2 hobgoblins (D:1)
  2 jackals (D:1)
  3 kobolds (D:1)
  A quokka (D:1)
  A frilled lizard (D:1)
  A rat (D:1)
22 creatures vanquished.

Notes
Turn   | Place    | Note
-------+----------+-------------------------------------------
     0 | D:1      | BritishOli the Demonspawn Gladiator began the quest for the
                  | Orb.
     0 | D:1      | Reached XP level 1. HP: 16/16 MP: 1/1
   346 | D:1      | Gained mutation: You have sharp fingernails. [demonic
                  | ancestry]
   346 | D:1      | Reached XP level 2. HP: 20/22 MP: 2/2
  1012 | D:1      | Gained mutation: Your movements are slightly less
                  | encumbered by armour. (ER -2) [demonic ancestry]
  1012 | D:1      | Reached XP level 3. HP: 25/28 MP: 3/3
  1178 | D:$      | Got out of the dungeon alive.

Illustrated notes

Levels and vault maps discovered:
D:1:      minmay_arrival_loop, layout_basic

Skill      XL: |  1  2 |
---------------+-------+-----
Throwing       | 2 |  2.0
Long Blades    | 3 |  3.1
Dodging        | 3 |  3.0
Fighting       | |  2.4
Armour         | |  0.6

Action                   || total
-------------------------++-------
Melee: Long sword        ||    66
Armor: Leather armour    ||    26
Dodge: Dodged            ||    47

Table legend: (Time is in decaauts)
 A = Elapsed time spent in this place.
 B = Non-inter-level travel time spent in this place.
 C = Inter-level travel time spent in this place.
 D = Time resting spent in this place.
 E = Time spent auto-exploring this place.
 F = Levels seen in this place.
 G = Mean time per level.
                   A        B        C        D        E       F      G
               +--------+--------+--------+--------+--------+-----+--------+
         Total |   1194 |   1114 |     80 |     18 |    939 |   1 | 1194.0 |
       Dungeon |   1194 |   1114 |     80 |     18 |    939 |   1 | 1194.0 |
               +--------+--------+--------+--------+--------+-----+--------+

Top non-repeatable levels by time:
     D:1: 1194 daAuts
